Unix NetHack Version 3.7.0-95 Work-in-progress - last build Jan 1 2024 20:51:50 (6a0ccc5fa2390e420dd2d488a2f9488d2ae3a63b,branch:master). Game began 2024-01-04 10:54:11, ended 2024-01-04 10:55:34. Arasaka, chaotic male elven Ranger ---- |... .... --- - -- .... --..--- ...| ..G--- -...........| .... .GG.........-- - -..0/............| |..../.............- |.../...d...........| - |/|..........------ /---.|....G..| ---......- --.....- -.....- ..... --.... --.... - .... ..- -- Arasaka the Tenderfoot St:16 Dx:9 Co:16 In:14 Wi:13 Ch:7 Chaotic Dlvl:3 $:0 HP:0(14) Pw:3(3) AC:7 Xp:1/15 T:377 Latest messages: g - an uncursed food ration. Ouch! You bump into a door. The door resists! The door opens. Ouch! You bump into a door. The door opens. You see here a chest. Hmmm, the chest turns out to be locked. There is a locked chest here; force its lock? [ynq] (q) You force your elven dagger into a crack and pry. You succeed in forcing the lock. i - 2 sky blue potions. j - a black onyx ring. You find a hidden door. The door resists! The door opens. You find a hidden door. You swap places with Korone. You swap places with Korone. Where do you want to travel to? (For instructions type a '?') You hear water falling on coins. You descend the stairs. You find a hidden door. The door resists! You see here a large box. You trigger a trap! But luckily the gas cloud blows away! You learn more about your items by comparing them. g - an uncursed food ration (2 in total). k - a tan spellbook. l - a yellow gem. What do you want to read? [k or ?*] You begin to memorize the runes. You learn the "create monster" spell. The door opens. The door resists! The door opens. The door opens. You miss the kobold. You kill the kobold! You learn more about your items by comparing them. g - an uncursed food ration (3 in total). You descend the stairs. Korone picks up a stone. The gnome zaps a maple wand! The magic missile hits you! The magic missile bounces! The magic missile hits you! You die... Inventory: Weapons (')') c - 55 uncursed +2 elven arrows (in quiver) d - 39 uncursed +0 elven arrows b - an uncursed +1 elven bow (alternate weapon; not wielded) a - an uncursed +1 elven dagger (weapon in left hand) Armor ('[') e - an uncursed +2 elven cloak (being worn) Comestibles ('%') g - 3 uncursed food rations f - 4 uncursed lembas wafers Spellbooks ('+') k - an uncursed spellbook of create monster Potions ('!') i - 2 uncursed potions of healing Rings ('=') j - an uncursed ring of see invisible Gems/Stones ('*') l - an uncursed worthless piece of yellow glass Arasaka the Ranger's attributes: Background: You were a Tenderfoot, a level 1 male elven Ranger. You were chaotic, on a mission for Mars who was opposed by Mercury (lawful) and Venus (neutral). You were left-handed. You were in the Gnomish Mines, on level 3. You entered the dungeon 377 turns ago. You had 15 experience points, 5 more were needed to attain level 2. Basics: You had 0 out of 14 hit points. You had all 3 energy points (spell power). Your armor class was 7. Your wallet was empty. Autopickup was on for '$"?' plus thrown, with exceptions. Final Characteristics: Your strength was 16 (limit:18). Your dexterity was 9 (limit:18). Your constitution was 16 (limit:16). Your intelligence was 14 (limit:20). Your wisdom was 13 (limit:20). Your charisma was 7 (limit:18). Final Status: You weren't hungry. You were unencumbered. You were wielding a dagger. You had basic skill with dagger. Final Attributes: You were fervently aligned. You had automatic searching. You had infravision. You were stealthy. You were warded. You are dead. Miscellaneous: You disabled loading of bones levels. Total elapsed playing time was 1 minute and 22 seconds. Major events: Turn 1: Arasaka the chaotic male elven Ranger entered the dungeon 373: entered the Gnomish Mines 377: killed by a magic missile zapped by a gnome Vanquished creatures: a jackal a kobold 2 lichens 4 creatures vanquished. No species were genocided or became extinct. Voluntary challenges: You followed a strict vegan diet. You were an atheist. You read items or engraved 2 times. You never engraved Elbereth. You never genocided any monsters. You never polymorphed an object. You never changed form. You used no wishes. Achievement: You entered the Gnomish Mines. The Dungeons of Doom: levels 1 to 2 Level 1: A fountain, a sink. Level 2: Stairs down to The Gnomish Mines. The Gnomish Mines: Level 3: <- You were here. Final resting place for you, killed by a magic missile zapped by a gnome. Game over: ---------- / \ / REST \ / IN \ / PEACE \ / \ | Arasaka | | 0 Au | | killed by a | | magic missile | | zapped by a | | gnome | | 2024 | *| * * * | * _________)/\\_//(\/(/\)/\//\/|_)_______ Goodbye Arasaka the Ranger... You died in The Gnomish Mines on dungeon level 3 with 170 points, and 0 pieces of gold, after 377 moves. You were level 1 with a maximum of 14 hit points when you died.